 Dungeon Crawl Stone Soup version 0.30.1-11-g7821555f0a (webtiles) character file.

Game seed: 13389686869487494759

23368 fireball365 the Severer (level 12, -3/111 HPs)
             Began as a Minotaur Fighter on Oct 30, 2023.
             Was an Initiate of Gozag.
             Slain by a 14-headed hydra (9 damage)
             ... on level 14 of the Dungeon.
             The game lasted 00:27:27 (15459 turns).

fireball365 the Severer (Minotaur Fighter)         Turns: 15459, Time: 00:27:28

Health: -3/111     AC: 24    Str: 26    XL:     12   Next: 71%
Magic:  0/11       EV:  9    Int:  5    God:    Gozag
Gold:   2596       SH:  5    Dex: 10    Spells: 11/11 levels left

rFire   . . .        a - +1 war axe
rCold   . . .        c - +0 buckler
rNeg    . . .        G - +1 plate armour
rPois   .            (helmet restricted)
rElec   .            B - +0 cloak
rCorr   .            (no gloves)
SInv    .            I - +0 pair of boots
Will    .....        l - amulet of guardian spirit Stlth
                     k - +4 ring of protection
HPRegen 0.38/turn    q - +4 ring of slaying
MPRegen 0.12/turn

%: guardian spirit
@: no status effects
A: horns 2, retaliatory headbutt, evolution 2, inability to read after injury 1,
MP-powered wands
a: Renounce Religion, Potion Petition, Call Merchant, Bribe Branch


You were on level 14 of the Dungeon.
You worshipped Gozag.
Gozag was most pleased with you.
You visited 2 branches of the dungeon, and saw 16 of its levels.
You also visited: Ossuary.

You collected 2668 gold pieces.
You paid 72 gold pieces to Gozag.

Inventory:

Hand Weapons
 a - a +1 war axe (weapon)
 C - a +5 halberd
Missiles
 y - 2 throwing nets (quivered)
Armour
 c - a +0 buckler (worn)
 f - a +0 chain mail
 B - a +0 cloak (worn)
 G - a +1 plate armour (worn)
 I - a +0 pair of boots (worn)
Jewellery
 j - the ring "Xojyj Tuitya" {Contam rF+ rN+ Str+3}
   (You found it on level 10 of the Dungeon)

   [ring of positive energy]

   Str:       It affects your strength (+3).
   rF:        It protects you from fire.
   rN:        It protects you from negative energy.
   Contam:    It causes magical contamination when unequipped.
 k - a +4 ring of protection (left hand)
 l - an amulet of guardian spirit (around neck)
 q - a +4 ring of slaying (right hand)
 s - a ring of positive energy
Wands
 b - a wand of flame (19)
 h - a wand of light (5)
 H - a wand of iceblast (7)
Scrolls
 g - 10 scrolls of teleportation
 n - 2 scrolls of magic mapping
 p - 5 scrolls of immolation
 r - 3 scrolls of fog
 u - 2 scrolls of enchant weapon
 x - 2 scrolls of poison
 z - 3 scrolls of blinking
 D - 2 scrolls of fear
 E - 3 scrolls of amnesia
 F - a scroll of identify
 K - a scroll of enchant armour
 L - a scroll of butterflies
Potions
 d - 3 potions of might
 i - 3 potions of degeneration
 m - 11 potions of curing
 o - 5 potions of flight
 t - 8 potions of lignification
 v - 2 potions of attraction
 w - 2 potions of haste
 A - 4 potions of berserk rage
 J - 2 potions of invisibility


   Skills:
 + Level 11.7 Fighting
 + Level 16.7 Axes
 + Level 13.6 Armour
 + Level 4.3 Dodging
 + Level 2.9 Stealth
 + Level 7.8 Shields


You had 11 spell levels left.
You didn't know any spells.
Your spell library contained the following spells:

 Spells                   Type           Power      Damage    Failure   Level
 Apportation              Tloc           0%         N/A       99%         1
 Beastly Appendage        Tmut           0%         N/A       99%         1
 Magic Dart               Conj           0%         1d3       99%         1
 Call Imp                 Summ           0%         N/A       100%        2
 Poisonous Vapours        Pois/Air       0%         N/A       100%        2
 Wereblood                Tmut           0%         N/A       100%        2
 Dazzling Flash           Conj/Hex       0%         N/A       100%        3
 Frozen Ramparts          Ice            0%         1d1       100%        3
 Mephitic Cloud           Conj/Pois/Air  0%         N/A       100%        3
 Spider Form              Tmut/Pois      0%         N/A       100%        3
 Volatile Blastmotes      Fire/Tloc      0%         2d10      100%        3
 Ice Form                 Ice/Tmut       0%         N/A       100%        4
 Iskenderun's Mystic Bla  Conj/Tloc      0%         2d3       100%        4
 Summon Ice Beast         Ice/Summ       0%         N/A       100%        4
 Agony                    Necr           0%         N/A       100%        5
 Alistair's Intoxication  Tmut/Pois      0%         N/A       100%        5
 Freezing Cloud           Conj/Ice/Air   0%         6-21      100%        5
 Silence                  Hex/Air        0%         N/A       100%        5
 Conjure Ball Lightning   Conj/Air       0%         3x3d6     100%        6
 Starburst                Conj/Fire      0%         6d3       100%        6
 Discord                  Hex            0%         N/A       100%        8
 Disjunction              Tloc           0%         N/A       100%        8
 Chain Lightning          Conj/Air       0%         N/A       100%        9
 Fire Storm               Conj/Fire      0%         5d1       100%        9
 Shatter                  Erth           0%         3d5*      100%        9


Dungeon Overview and Level Annotations

Branches:
Dungeon (15/15)            Temple (1/1) D:4            Lair (0/5) D:8
    Orc (0/2) D:9          Vaults (0/5) D:14        Ossuary (visited)
 Depths: D:15

Altars:
Ashenzari
Cheibriados
Dithmenos
Elyvilon
Fedhas
Gozag
Hepliaklqana
Kikubaaqudgha
Makhleb
Nemelex Xobeh
Okawaru
Qazlal
Ru
Sif Muna
Trog
Uskayaw
Vehumet
Wu Jian
Xom
Zin
The Shining One

Shops:
D:9 [(


Innate Abilities, Weirdness & Mutations

You have a pair of horns on your head.
You reflexively headbutt those who attack you in melee.
You have great hidden genetic potential.
You occasionally lose the ability to read scrolls when taking damage.
You expend magic power (3 MP) to strengthen your wands.


Message History

The 14-headed hydra bites you but does no damage.
The 14-headed hydra bites you.
* * * LOW HITPOINT WARNING * * *
The 14-headed hydra bites you but does no damage.
The 14-headed hydra completely misses you.
The 14-headed hydra bites you but does no damage.
The 14-headed hydra bites you!
* * * LOW HITPOINT WARNING * * *
The 14-headed hydra bites you.
* * * LOW HITPOINT WARNING * * *
You barely miss the 14-headed hydra.
The 14-headed hydra is heavily wounded.
You block the 14-headed hydra's attack.
The 14-headed hydra bites you but does no damage. x2
The 14-headed hydra closely misses you. The 14-headed hydra bites you.
* * * LOW HITPOINT WARNING * * *
The 14-headed hydra bites you but does no damage. x2
The 14-headed hydra bites you.
* * * LOW HITPOINT WARNING * * *
The 14-headed hydra misses you. The 14-headed hydra closely misses you.
The 14-headed hydra bites you but does no damage. x2
The 14-headed hydra bites you!
* * * LOW HITPOINT WARNING * * *
The 14-headed hydra closely misses you.
You feel much better.
The 14-headed hydra bites you but does no damage.
The 14-headed hydra bites you.
* * * LOW HITPOINT WARNING * * *
The 14-headed hydra bites you!
* * * LOW HITPOINT WARNING * * *
The 14-headed hydra bites you but does no damage.
You block the 14-headed hydra's attack. The 14-headed hydra barely misses you.
You block the 14-headed hydra's attack.
The 14-headed hydra bites you but does no damage.
The 14-headed hydra bites you.
* * * LOW HITPOINT WARNING * * *
The 14-headed hydra bites you but does no damage. x3
The 14-headed hydra bites you!
You die...
Your body crumbles into a pile of gold.

>. # .######## ..
.......## ...
.......# #..
......# #...
.....#
#....#####....#
#.....D@......##
#....#####..[..#
.......#[#......#
.... ...........#
##. .........).#
# #..######..#
#.........##
#..^...<.##
#..#######


You could see a 14-headed hydra.

Vanquished Creatures
  6 centaur warriors
  2 boulder beetles
  2 dancing weapons (D:14)
  5 two-headed ogres
  A deep elf pyromancer (D:12)
  3 cyclopes
  3 ugly things
  Maurice (D:7)
  A gargoyle (D:12)
  Maggie (D:7)
  A kobold demonologist (D:10)
  An unseen horror (D:11)
  An efreet (D:8)
  A freezing wraith (D:13)
  Grinder (D:4)
  A hornet (D:7)
  Prince Ribbit (D:9)
  3 trolls
  2 shadows
  19 yaks
  A steam dragon (D:9)
  7 vampire mosquitoes
  4 acid dragons
  A water moccasin (D:5)
  3 orc warriors
  4 black bears
  4 ogres
  3 centaurs
  A phantom (D:6)
  A kobold brigand (D:8)
  Blork the orc (D:6)
  6 bullfrogs
  A gnoll sergeant (D:8)
  3 scorpions
  3 water moccasin zombies (Ossuary)
  5 wights (D:10)
  9 killer bees
  6 howler monkeys
  3 hounds
  4 jellies
  10 orc priests
  Crazy Yiuf (D:4)
  6 iguanas
  2 sleepcaps
  17 orc wizards
  2 mummies (Ossuary)
  13 adders
  3 gnolls (D:4)
  2 white imps
  3 adder zombies (Ossuary)
  A worm (D:2)
  2 dart slugs
  47 orcs
  7 endoplasms
  4 giant cockroaches
  6 goblins
  7 hobgoblins
  3 jackals
  4 quokkas
  6 ball pythons
  3 bats
  5 frilled lizards
  3 gnoll zombies (Ossuary)
  4 hobgoblin zombies (Ossuary)
  4 kobolds
  3 kobold zombies (Ossuary)
  2 orc zombies (Ossuary)
  4 rats
300 creatures vanquished.

Notes
Turn   | Place    | Note
-------+----------+-------------------------------------------
     0 | D:1      | fireball365 the Minotaur Fighter began the quest for the
                  | Orb.
     0 | D:1      | Reached XP level 1. HP: 19/19 MP: 0/0
   669 | D:1      | Reached XP level 2. HP: 25/27 MP: 1/1
   727 | D:1      | Found a faded altar of an unknown god.
  1273 | D:2      | Reached XP level 3. HP: 33/33 MP: 2/2
  1296 | D:2      | Reached skill level 3 in Axes
  1595 | D:2      | Reached skill level 1 in Dodging
  1684 | D:3      | Reached XP level 4. HP: 41/41 MP: 3/3
  1763 | D:3      | Found a stormy altar of Qazlal.
  2371 | D:3      | Reached skill level 4 in Axes
  2371 | D:3      | Reached XP level 5. HP: 41/47 MP: 2/4
  2677 | D:4      | Found a sand-covered staircase.
  2686 | Ossuary  | Entered an ossuary
  2718 | Ossuary  | Reached skill level 5 in Armour
  2751 | Ossuary  | Reached skill level 5 in Axes
  2751 | Ossuary  | Reached XP level 6. HP: 52/53 MP: 5/5
  2938 | D:4      | Reached skill level 6 in Axes
  3030 | D:4      | Reached skill level 5 in Fighting
  3030 | D:4      | Reached XP level 7. HP: 39/61 MP: 4/6
  3136 | D:4      | Found a white marble altar of Elyvilon.
  3149 | D:4      | Noticed Grinder
  3155 | D:4      | Killed Grinder
  3156 | D:4      | Reached skill level 7 in Axes
  3224 | D:4      | Found a staircase to the Ecumenical Temple.
  3335 | Temple   | Entered the Ecumenical Temple
  3389 | Temple   | Became a worshipper of Gozag Ym Sagoz the Greedy
  3775 | D:4      | Reached skill level 8 in Axes
  3822 | D:4      | Reached XP level 8. HP: 53/69 MP: 4/7
  3881 | D:4      | Found a runed translucent door.
  3881 | D:4      | Identified the +2 hammer of the Silent Majority {speed,
                  | Will++ Int-5 SInv Stlth+}
  3882 | D:4      | Noticed Crazy Yiuf
  3887 | D:4      | Killed Crazy Yiuf
  3951 | D:4      | Found a sacrificial altar of Ru.
  4080 | D:5      | Entered Level 5 of the Dungeon
  4523 | D:5      | Reached skill level 9 in Axes
  4734 | D:5      | Found a shimmering blue altar of Sif Muna.
  4734 | D:5      | Found a white marble altar of Elyvilon.
  5002 | D:5      | Found an ornate altar of the Wu Jian Council.
  5209 | D:6      | Reached skill level 5 in Shields
  5336 | D:6      | Found an iron altar of Okawaru.
  5357 | D:6      | Reached skill level 1 in Stealth
  5374 | D:6      | Found a snail-covered altar of Cheibriados.
  5419 | D:6      | Reached skill level 10 in Axes
  5470 | D:6      | Noticed Blork the orc
  5472 | D:6      | Reached XP level 9. HP: 77/78 MP: 8/8
  5480 | D:6      | Killed Blork the orc
  6028 | D:7      | Found a bloodstained altar of Trog.
  6066 | D:7      | Found a burning altar of Makhleb.
  6294 | D:7      | Reached skill level 11 in Axes
  6521 | D:7      | Noticed Maggie
  6537 | D:7      | Killed Maggie
  6540 | D:7      | Reached XP level 10. HP: 63/86 MP: 7/9
  6807 | D:8      | Noticed Maurice
  6807 | D:8      | Noticed a two-headed ogre
  6908 | D:7      | HP: 2/86 [two-headed ogre/+0 giant spiked club (10)]
  6911 | D:7      | Killed a two-headed ogre
  6912 | D:7      | Reached skill level 12 in Axes
  7127 | D:7      | Killed Maurice
  7196 | D:8      | Found a staircase to the Lair.
  7760 | D:8      | Noticed a centaur warrior
  7763 | D:8      | Noticed a centaur warrior
  7768 | D:8      | Killed a centaur warrior
  7769 | D:8      | Reached skill level 13 in Axes
  7780 | D:8      | Killed a centaur warrior
  7781 | D:8      | Reached skill level 10 in Armour
  7827 | D:8      | Noticed a boulder beetle
  8000 | D:8      | Noticed a centaur warrior
  8009 | D:8      | Killed a centaur warrior
  8139 | D:8      | Noticed a red ugly thing
  8155 | D:8      | Killed a red ugly thing
  8156 | D:8      | Reached XP level 11. HP: 78/97 MP: 7/10
  8288 | D:8      | Killed a boulder beetle
  8812 | D:9      | Reached skill level 14 in Axes
  8891 | D:9      | Noticed a two-headed ogre
  8906 | D:9      | Killed a two-headed ogre
  8946 | D:9      | Found Suets's Armour Shoppe.
  8946 | D:9      | Found a staircase to the Orcish Mines.
  8947 | D:9      | Found Iffanav's Weapon Shoppe.
  9158 | D:9      | Noticed Prince Ribbit
  9158 | D:9      | Noticed a two-headed ogre
  9171 | D:9      | Killed a two-headed ogre
  9193 | D:9      | Killed Prince Ribbit
  9655 | D:10     | Entered Level 10 of the Dungeon
  9699 | D:10     | Gained mutation: You are dopey. (Int -2) [potion of
                  | mutation]
  9699 | D:10     | Gained mutation: Your flesh is cold resistant. (rC+)
                  | [potion of mutation]
  9700 | D:10     | Lost mutation: You are dopey. (Int -2) [potion of mutation]
  9700 | D:10     | Lost mutation: Your flesh is cold resistant. (rC+) [potion
                  | of mutation]
  9700 | D:10     | Gained mutation: You occasionally lose the ability to read
                  | scrolls when taking damage. [potion of mutation]
  9700 | D:10     | Gained mutation: You expend magic power (3 MP) to
                  | strengthen your wands. [potion of mutation]
  9700 | D:10     | Gained mutation: You have hidden genetic potential. [potion
                  | of mutation]
  9740 | D:10     | Noticed a two-headed ogre
  9745 | D:10     | Killed a two-headed ogre
  9746 | D:10     | Reached skill level 10 in Fighting
  9749 | D:10     | Identified the ring "Xojyj Tuitya" {Contam rF+ rN+ Str+3}
 10029 | D:10     | Reached skill level 15 in Axes
 10060 | D:10     | Found a large runed translucent door.
 10066 | D:10     | Found a large runed translucent door.
 10725 | D:10     | Found a broken altar of Ashenzari.
 10742 | D:10     | Found a glowing golden altar of the Shining One.
 11600 | D:11     | Reached XP level 12. HP: 105/107 MP: 11/11
 11713 | D:11     | Reached skill level 16 in Axes
 12920 | D:12     | Noticed a boulder beetle
 12938 | D:12     | Killed a boulder beetle
 13449 | D:12     | You fall into a shaft and drop 3 floors!
 13449 | D:15     | Entered Level 15 of the Dungeon
 14243 | D:13     | Gained mutation: You have great hidden genetic potential.
                  | [hidden potential]
 14299 | D:13     | Noticed a centaur warrior
 14312 | D:13     | Killed a centaur warrior
 14575 | D:13     | Noticed a two-headed ogre
 14583 | D:13     | Killed a two-headed ogre
 14826 | D:13     | Identified the +0 robe "Gekhluf" {Str-3 Int+5}
 14852 | D:13     | Noticed a centaur warrior
 14859 | D:13     | Killed a centaur warrior
 15145 | D:14     | Noticed a centaur warrior
 15153 | D:14     | Killed a centaur warrior
 15371 | D:14     | Found a gate to the Vaults.
 15439 | D:14     | Noticed a six-headed hydra
 15451 | D:14     | HP: 2/111 [12-headed hydra (9)]
 15458 | D:14     | HP: 1/111 [14-headed hydra (9)]
 15459 | D:14     | Slain by a 14-headed hydra

Illustrated notes

Levels and vault maps discovered:
D:1:      arrival_zaba_pyramid, layout_basic,
          ebering_ecumenical_altar_abandoned, minmay_pentomino_s4
D:2:      layout_loops_ring
D:3:      layout_basic, mainiacjoe_overflow_cross_hatched,
          minmay_misc_feat_room, nrook_mini_backslash
D:4:      minmay_evil_eye, layout_basic, mainiacjoe_overflow_boulevard,
          minmay_temple_entry_crystal_x, nicolae_ossuary_entry_ruins,
          serial_bayou_lagoon_a, minmay_ruined_shrine, uniq_grinder,
          uniq_crazy_yiuf_cottage
D:5:      layout_basic, nicolae_wu_jian_wuxing_cycle,
          nicolae_overflow_two_pavilions
D:6:      layout_rooms, mainiacjoe_overflow_catch_the_wave, uniq_blork_the_orc
D:7:      layout_basic, mainiacjoe_overflow_tiny_flanked, trog_ov_bears_minmay,
          uniq_maggie
D:8:      layout_loops_cross, lair_entry_dummy, minmay_shattered_shrine,
          uniq_maurice
D:9:      layout_roguey, orc_david_3, minmay_statues_item, uniq_prince_ribbit1
D:10:     layout_basic, jmf_multi_god_temple2
D:11:     layout_basic, serial_co_window_serial, co_window_corner_a,
          co_window_of_opportunity_a, co_window_corner_a,
          co_window_of_opportunity_a, co_window_of_opportunity_a,
          co_window_2corner, co_window_of_opportunity_b, co_window_broadway_b,
          co_window_of_opportunity_b, co_window_2corner, co_window_corner_b,
          co_window_corner_ca, co_window_4corner_a, glass_columns_a
D:12:     layout_stronghold
D:13:     layout_irregular_city, minmay_misc_feat_alley
D:14:     minmay_roctagon, layout_small_grid, erik_vaults_1, serial_glass,
          glass_columns_a, glass_columns_a, glass_columns_a, glass_columns_a,
          glass_columns_a, glass_columns_c, minmay_misc_feat_encased,
          serial_shops, shop, minmay_misc_feat_square
D:15:     gammafunk_depths_entry_grave, layout_basic, argonaut_gorgonesque
Temple:   nicolae_temple_ecumenical_triangle

Skill      XL: |  1  2  3  4  5  6  7  8  9 10 11 12 |
---------------+-------------------------------------+-----
Fighting       | 4 5 6 7 9 10 11 | 11.7
Armour         | 4 5 6 7 8 10 11 13 | 13.6
Axes           | 3 4 5 6 8 10 11 13 15 16 | 16.7
Shields        | 4 5 6 7 |  7.8
Dodging        | 1 2 3 4 |  4.3
Stealth        | 1 2 |  2.9

Action                     |  1- 3 |  4- 6 |  7- 9 | 10-12 || total
---------------------------+-------+-------+-------+-------++-------
  Melee: War axe           |    73 |    80 |   280 |   455 ||   888
         Headbutt          |     3 |    18 |    83 |   120 ||   224
  Evoke: Wand              |       |       |       |     2 ||     2
    Use: Scroll            |     2 |     2 |     9 |    11 ||    24
         Potion            |       |       |       |    14 ||    14
   Stab: Distracted        |       |       |     1 |     2 ||     3
 Armour: Scale mail        |    53 |    13 |       |       ||    66
         Chain mail        |       |    36 |    82 |       ||   118
         Plate armour      |       |       |    26 |   333 ||   359
  Dodge: Dodged            |    53 |    41 |    78 |   151 ||   323
  Block: Buckler           |    21 |    20 |    43 |   104 ||   188
